 Dungeon Crawl Stone Soup version 0.19-a0-628-g9200b3b (webtiles) character file.

109 georgeearnest the Skirmisher (level 4, 0/41 HPs)
             Began as a Hill Orc Fighter on June 12, 2016.
             Slain by a wight
             ... wielding a +1 dire flail of draining
              (8 damage)
             ... on level 3 of the Dungeon on June 13, 2016.
             The game lasted 00:05:33 (1370 turns).

georgeearnest the Skirmisher (Hill Orc Fighter)     Turns: 1370, Time: 00:05:33

Health: 0/41       AC:  6    Str: 19    XL:     4   Next: 90%
Magic:  4/4        EV:  6    Int:  8    God:
Gold:   95         SH:  8    Dex: 10    Spells: 0 memorised, 3 levels left

rFire  . . .     SeeInvis .     a - +0 war axe
rCold  . . .     Gourm    .     b - +0 scale mail
rNeg   . . .     Faith    .     c - +0 shield
rPois  .         Spirit   .     (no helmet)
rElec  .         Dismiss  .     (no cloak)
rCorr  .         Reflect  .     (no gloves)
SustAt .         Harm     .     (no boots)
MR     .....                    (no amulet)
Stlth  ..........               (no ring)
                                (no ring)

@: heavily drained, not resistant to hostile enchantments, extremely unstealthy
A: no striking features
a: no special abilities


You were on level 3 of the Dungeon.
You were not hungry.

You visited 1 branch of the dungeon, and saw 3 of its levels.

You collected 95 gold pieces.

Inventory:

Hand Weapons
 a - a +0 war axe (weapon)
Armour
 b - a +0 scale mail (worn)
 c - a +0 shield (worn)
Scrolls
 e - 3 scrolls of remove curse {unknown}
 g - a scroll of enchant armour {unknown}
 j - a scroll of fear {unknown}
 k - 3 scrolls of magic mapping {unknown}
 m - a scroll of blinking {unknown}
 n - 2 scrolls of identify {unknown}
 t - 2 scrolls of fog {unknown}
 u - a scroll of teleportation {unknown}
Potions
 d - a potion of might
 i - 2 potions of mutation {unknown}
 l - a potion of flight {unknown}
 o - a potion of agility {unknown}
 p - a potion of curing {unknown}
 q - a potion of cure mutation {unknown}
 s - a potion of lignification {unknown}
 v - a potion of haste {unknown}
Comestibles
 f - 4 bread rations
 h - a royal jelly
 r - a beef jerky


   Skills:
 + Level 4.4(2.4) Fighting
 + Level 3.6(1.6) Axes
 + Level 3.8(1.8) Armour
 + Level 1.5(0.0) Dodging
 + Level 3.8(1.8) Shields


You had 3 spell levels left.
You didn't know any spells.

Dungeon Overview and Level Annotations

Branches:
Dungeon (3/15)

Altars:
Elyvilon
Uskayaw
Yredelemnul


Message History

You closely miss the wight.
The wight is almost destroyed.
The wight hits you but does no damage.
You feel drained.
You closely miss the wight.
The wight is almost destroyed.
The wight closely misses you.
Your scale mail prevents you from hitting the wight.
The wight is almost destroyed.
You block the wight's attack. The wight barely misses you.
You hit the wight but do no damage.
The wight is almost destroyed.
The wight hits you with a dire flail of draining.
* * * LOW HITPOINT WARNING * * *
You feel drained.
* * * LOW HITPOINT WARNING * * *
You feel drained.
You closely miss the wight.
The wight is almost destroyed.
The wight hits you with a dire flail of draining!
You die...

##.....## #.......##
##.......## #...#.#.##
#.........###.......##
+.........'...........
#.........####......##
#.......## ##.##.###
##.....## ####.# #
##...## #.# ##@## #.
#z# #. #..<.zz.z#
#.###.##z...# .). ....
... ... ..... ## ##.##
...


You could see 3 wights.

Vanquished Creatures
  Robin (D:2)
  3 adders
  An ooze (D:2)
  2 worms (D:2)
  2 dart slugs
  2 giant cockroaches
  10 goblins
  12 hobgoblins
  4 jackals (D:2)
  8 kobolds
  5 bats
  A giant newt (D:3)
  5 rats
  A spectral orc (D:2)
57 creatures vanquished.

Notes
Turn   | Place    | Note
--------------------------------------------------------------
     0 | D:1      | georgeearnest the Hill Orc Fighter began the quest for the Orb.
     0 | D:1      | Reached XP level 1. HP: 19/19 MP: 1/1
    96 | D:1      | Reached XP level 2. HP: 27/27 MP: 2/2
   141 | D:1      | Reached skill level 4 in Fighting
   517 | D:2      | Reached XP level 3. HP: 33/33 MP: 3/3
   599 | D:2      | Noticed Robin
   604 | D:2      | Killed Robin
   620 | D:2      | Reached skill level 1 in Dodging
   620 | D:2      | Reached XP level 4. HP: 27/41 MP: 4/4
   808 | D:2      | Found a hide-covered altar of Uskayaw.
   986 | D:2      | Found a white marble altar of Elyvilon.
  1177 | D:2      | Found a basalt altar of Yredelemnul.
  1275 | D:3      | Upgraded the game from 0.19-a0-607-g42021f0 to 0.19-a0-628-g9200b3b
  1370 | D:3      | Slain by a wight

Vault maps used:
D:1:      minmay_arrival_open_corners
D:2:      old_standard_altar, elyvilon_altar_1,
          yredelemnul_forgotten_temple_becter, uniq_robin
D:3:      nicolae_qazlal_style_of_elements, nicolae_overflow_hidden_temple,
          nicolae_ru_sacrificial_ziggurat, uniq_grinder

Skill      XL: |  1  2  3 |
---------------+----------+-----
Fighting       | 4 |  4.4
Axes           | 3 |  3.6
Dodging        | 1 |  1.5
Armour         | |  3.8
Shields        | |  3.8

Action                   |  1- 3 |  4- 6 || total
-------------------------+-------+-------++-------
Melee: War axe           |    83 |   100 ||   183
  Eat: Meat ration       |       |     1 ||     1
Armor: Scale mail        |    46 |    35 ||    81
Dodge: Dodged            |    32 |    31 ||    63
Block: Shield            |    42 |    52 ||    94
